[Event "Asian Continental-ch Open 2019"]
[Site "XingTai"]
[Date "2019.06.14"]
[Round "8.17"]
[White "Zeng, Chongsheng"]
[Black "Garcia, Jan Emmanuel"]
[Result "1-0"]
[ECO "C54"]
[WhiteElo "2561"]
[BlackElo "2413"]
[Annotator "ChessBase"]
[PlyCount "131"]
[EventDate "2019.06.06"]
[EventType "swiss"]
[EventCountry "CHN"]
[SourceTitle "playchess.com"]
[Source "ChessBase"]
[SourceQuality "1"]
[TimeControl "40/5400+30:1800+30"]

1. e4 e5 2. Nf3 Nc6 3. Bc4 Bc5 4. c3 Nf6 5. d3 a6 6. a4 d6 7. h3 Ba7 8. O-O O-O 9. Re1 Be6 10. Nbd2 Re8 11. Bxe6 fxe6 12. b4 Rf8 13. b5 Na5 14. d4 exd4 15. cxd4 Bb6 16. Ba3 axb5 17. axb5 Qd7 18. Rb1 Nh5 19. Qc2 e5 20. dxe5 Nf4 21. Kf1 Qe6 22. Rec1 Qg6 23. Nh4 Qh5 24. Ndf3 Nxh3 25. exd6 cxd6 26. Bxd6 Nxf2 27. Bxf8 Rxf8 28. Qa2+ Kh8 29. Qe6 Bd8 30. Rc8 Ng4 31. Qd6 Qe8 32. Nf5 Rg8 33. Rd1 Qxb5+ 34. Qd3 Qb6 35. N3d4 Nc6 36. Rb1 Qa7 37. Qb3 Nxd4 38. Qxg8+ Kxg8 39. Rxd8+ Kf7 40. Rxb7+ Qxb7 41. Nd6+ Ke6 42. Nxb7 Ke5 43. Nc5 Nf6 44. Nd7+ Kxe4 45. Nxf6+ gxf6 46. Rh8 f5 47. Rxh7 f4 48. Rh5 Nf5 49. Kf2 Ne3 50. Rg5 Nd1+ 51. Kg1 Ne3 52. Rg8 Kf5 53. Kh2 Ng4+ 54. Kh3 Ne5 55. Kh4 Nd3 56. Rf8+ Ke4 57. Kg5 Ke3 58. Rd8 Nc5 59. Kg4 Kf2 60. Rd2+ Ke3 61. Rd5 Ne4 62. Re5 Kd4 63. Kxf4 Nf6 64. Re6 Nd5+ 65. Kf5 Ne3+ 66. Rxe3 1-0